 Dungeon Crawl Stone Soup version 0.22.1-1-ga44c0e5 (webtiles) character file.

1029 Jamjie98 the Firebug (level 8, -7/59 HPs)
             Began as a Pale Draconian Fire Elementalist on Sept 30, 2018.
             Was an Initiate of Sif Muna.
             Killed by divine providence
             ... invoked by an orc priest
              (14 damage)
             ... on level 5 of the Dungeon on Oct 1, 2018.
             The game lasted 00:46:13 (4984 turns).

Jamjie98 the Firebug (DrFE)                         Turns: 4984, Time: 00:46:14

Health: -7/59      AC:  6    Str: 10    XL:     8   Next: 3%
Magic:  1/16       EV: 13    Int: 21    God:    Sif Muna [......]
Gold:   240        SH:  0    Dex: 12    Spells: 5/16 levels left

rFire    . . .     SeeInvis .   o - +2 hand axe (venom)
rCold    . . .     Gourm    .   (no shield)
rNeg     . . .     Faith    .   (armour unavailable)
rPois    .         Spirit   .   (helmet restricted)
rElec    .         Reflect  .   (no cloak)
rCorr    .         Harm     .   (no gloves)
MR       .....                  (no boots)
Stlth    ++........             (no amulet)
HPRegen  0.19/turn              f - +3 ring of intelligence
MPRegen  0.15/turn              q - ring of flight

@: no status effects
A: breathe steam, unfitting armour, stinger 1, high mp 1, cold-blooded, AC +6
a: Breathe Steam, Renounce Religion, Evoke Flight


You were on level 5 of the Dungeon.
You worshipped Sif Muna.
Sif Muna was noncommittal.
You were not hungry.

You visited 2 branches of the dungeon, and saw 6 of its levels.

You collected 240 gold pieces.

Inventory:

Hand Weapons
 d - a +0 short sword
 e - a +1 dagger of electrocution
 g - a +0 hunting sling
 j - a +0 hunting sling
 m - a +0 club
 o - a +2 hand axe of venom (weapon)
 r - a +0 flail
 t - a +2 mace of protection
Missiles
 c - 30 arrows
 h - 37 bolts
 i - 23 stones (quivered)
 p - 27 poisoned needles
Jewellery
 f - a +3 ring of intelligence (left hand)
 q - a ring of flight (right hand)
Wands
 a - a wand of random effects (23)
Scrolls
 k - 3 scrolls of teleportation
 l - 3 scrolls of remove curse
 n - a scroll of identify
 s - a scroll of fear
Comestibles
 b - 9 rations
 u - 3 chunks of flesh


   Skills:
 + Level 1.2 Fighting
 + Level 0.2 Short Blades
 + Level 0.9 Axes
 + Level 2.8 Dodging
 + Level 2.9 Stealth
 + Level 4.8 Spellcasting
 + Level 4.2 Conjurations
 + Level 6.7 Fire Magic


You had 5 spell levels left.
You knew the following spells:

 Your Spells              Type           Power        Failure   Level  Hunger
a - Flame Tongue          Conj/Fire      ####.        1%          1    None
b - Conjure Flame         Conj/Fire      ####....     3%          3    ##.....
c - Throw Flame           Conj/Fire      ####..       1%          2    None
d - Fireball              Conj/Fire      ####......   32%         5    #####..

Your spell library contained the following spells:

 Spells                   Type           Power        Failure   Level  Hunger
 Inner Flame              Hex/Fire       ###.....     9%          3    ##.....
 Sticky Flame             Conj/Fire      ####....     12%         4    ####...


Dungeon Overview and Level Annotations

Branches:
Dungeon (5/15)             Temple (1/1) D:4

Altars:
Dithmenos
Fedhas
Gozag
Kikubaaqudgha
Makhleb
Ru
Sif Muna
Uskayaw
Vehumet
Wu Jian
Yredelemnul
Zin
The Shining One
Jiyva


Innate Abilities, Weirdness & Mutations

You can breathe blasts of scalding, opaque steam.
Your pale cyan-grey scales are hard. (AC +6)
You cannot fit into any form of body armour.
You are cold-blooded and may be slowed by cold attacks.
Your tail ends in a poisonous barb.
You have an increased reservoir of magic. (+10% MP)


Message History

Casting: Flame Tongue (safe; 1% risk of failure)
Confirm with . or Enter, or press ? or * to list all spells.
Aiming: Flame Tongue (safe; 1% risk of failure)
Press: ? - help, Shift-Dir - straight line, f/p - orc priest
Aim: an orc priest, wielding a hand axe and wearing a ring mail (severely The flame tongue hits the orc.
You kill the orc!
Sif Muna accepts your kill.
The orc priest calls down the wrath of Beogh upon you.
Beogh smites you!
Your magical contamination has completely faded away.
There is an open door here.
There's a creature in the doorway!
The orc priest calls down the wrath of Beogh upon you.
Beogh smites you!
* * * LOW HITPOINT WARNING * * *
The orc priest looks braver for a moment.
The orc priest invokes the aid of Beogh against you.
Beogh smites you!
You die...

####### #.....#
#####
#.....#########...#
#.....'.oo.........
#...oo#............
##@####............
#.# #............
#.# #............
#.# #............
#.# #...........†
#.# #............
#.# #............
#.# #............
#.# #############


You could see an orc priest and 3 orcs.

Vanquished Creatures
  A phantom (D:4)
  2 scorpions
  A crimson imp (D:5)
  3 hounds
  A jelly (D:3)
  An orc priest (D:3)
  10 orc wizards
  A gnoll shaman (D:4)
  Natasha (twice) (D:2)
  An iguana (D:4)
  3 worker ants
  A howler monkey skeleton (D:4)
  5 gnolls (D:4)
  4 adders
  2 oozes
  4 worms
  3 dart slugs
  16 orcs
  6 giant cockroaches
  5 goblins
  5 hobgoblins
  6 jackals (D:2)
  5 kobolds
  3 quokkas
  A ball python (D:2)
  6 bats
  4 frilled lizards
  8 rats
110 creatures vanquished.

Notes
Turn   | Place    | Note
-------+----------+-------------------------------------------
     0 | D:1      | Jamjie98 the Draconian Fire Elementalist began the quest
                  | for the Orb.
     0 | D:1      | Reached XP level 1. HP: 14/14 MP: 3/3
    26 | D:1      | Gained mutation: Your tail ends in a poisonous barb.
                  | [potion of mutation]
    26 | D:1      | Gained mutation: You have an increased reservoir of magic.
                  | (+10% MP) [potion of mutation]
   186 | D:1      | Reached XP level 2. HP: 20/20 MP: 0/5
   651 | D:1      | Reached XP level 3. HP: 26/26 MP: 4/6
  1464 | D:2      | Noticed Natasha
  1471 | D:2      | Killed Natasha
  1471 | D:2      | Reached XP level 4. HP: 14/33 MP: 0/8
  1475 | D:2      | Noticed Natasha
  1482 | D:2      | Killed Natasha
  1849 | D:2      | Reached skill level 4 in Fire Magic
  1849 | D:2      | Reached XP level 5. HP: 32/38 MP: 3/10
  1854 | D:2      | Learned a level 3 spell: Conjure Flame
  2450 | D:2      | Learned a level 2 spell: Throw Flame
  2889 | D:3      | Reached XP level 6. HP: 43/46 MP: 0/12
  2897 | D:3      | Found a shadowy altar of Dithmenos.
  3658 | D:3      | Found a glowing silver altar of Zin.
  3828 | D:4      | Reached skill level 5 in Fire Magic
  3955 | D:4      | Your scales start taking on a pale cyan-grey colour.
  3955 | D:4      | Reached XP level 7. HP: 35/51 MP: 6/14
  4105 | D:4      | Reached skill level 6 in Fire Magic
  4162 | D:4      | Found a staircase to the Ecumenical Temple.
  4169 | Temple   | Entered the Ecumenical Temple
  4267 | Temple   | Became a worshipper of Sif Muna the Loreminder
  4311 | D:4      | Reached skill level 1 in Fighting
  4454 | D:4      | Found a basalt altar of Yredelemnul.
  4552 | D:4      | Found a blossoming altar of Fedhas.
  4552 | D:4      | Found a sacrificial altar of Ru.
  4772 | D:4      | Learned a level 5 spell: Fireball
  4846 | D:5      | Entered Level 5 of the Dungeon
  4913 | D:5      | Reached XP level 8. HP: 59/59 MP: 11/16
  4984 | D:5      | Killed from afar by an orc priest

Skill      XL: |  1  2  3  4  5  6  7 |
---------------+----------------------+-----
Stealth        | 2 |  2.9
Dodging        | 2 |  2.8
Conjurations   | 2 3 4 |  4.2
Spellcasting   | 3 4 |  4.8
Fire Magic     | 4 5 6 |  6.7
Fighting       | 1 |  1.2
Short Blades   | |  0.2
Axes           | |  0.9

Action                   |  1- 3 |  4- 6 |  7- 9 || total
-------------------------+-------+-------+-------++-------
Melee: Unarmed           |     3 |       |       ||     3
       Dagger            |    20 |    20 |       ||    40
       Tailslap          |     1 |     5 |     2 ||     8
       Hand axe          |       |    23 |     9 ||    32
 Cast: Flame Tongue      |    60 |    86 |    47 ||   193
       Throw Flame       |       |    27 |    22 ||    49
       Conjure Flame     |       |     1 |     1 ||     2
 Abil: Breathe Steam     |       |       |     3 ||     3
  Use: Potion            |     6 |     2 |       ||     8
       Scroll            |     4 |     4 |     2 ||    10
  Eat: Chunk             |     2 |     9 |     3 ||    14
Armor: Skin              |    12 |    23 |     9 ||    44
Dodge: Dodged            |    42 |    50 |     9 ||   101
